 Dungeon Crawl Stone Soup version 0.27-a0-263-gc8dee61f84 (webtiles) character file.

Game seed: 6627540145517041900

250 hatsuma the Grave Robber (level 5, -7/41 HPs)
             Began as a Mummy Necromancer on Feb 5, 2021.
             Mangled by Menkaure (15 damage)
             ... on level 4 of the Dungeon.
             The game lasted 00:33:35 (4378 turns).

hatsuma the Grave Robber (Mummy Necromancer)        Turns: 4378, Time: 00:33:36

Health: -7/41      AC:  6    Str: 12    XL:     5   Next: 88%
Magic:  10/11      EV: 12    Int: 15    God:
Gold:   169        SH:  0    Dex: 12    Spells: 3/12 levels left

rFire    x . .     SeeInvis .   d - -1 dagger (curse)
rCold    + . .     Faith    .   (no shield)
rNeg     + + +     Spirit   .   e - +0 troll leather armour
rPois    ∞         Reflect  .   i - +1 helmet
rElec    .         Harm     .   (no cloak)
rCorr    .         Rampage  .   (no gloves)
Will     .....                  (no boots)
Stlth    +.........             (no amulet)
HPRegen  0.53/turn              n - ring of wizardry
MPRegen  0.12/turn              (no ring)

@: no status effects
A: no potions, fire vulnerability, cold resistance 1, negative energy resistance
3, torment resistance, unbreathing
a: no special abilities


You were on level 4 of the Dungeon.
You visited 1 branch of the dungeon, and saw 4 of its levels.

You collected 169 gold pieces.

Inventory:

Hand Weapons
 d - a cursed -1 dagger (weapon)
Missiles
 b - 177 stones (quivered)
 g - 27 poisoned darts
Armour
 e - a +0 troll leather armour (worn)
 i - a +1 helmet (worn)
Jewellery
 a - an uncursed ring of ice
 h - an uncursed amulet of faith
 n - a ring of wizardry (left hand)
Wands
 k - a wand of digging (8)
Scrolls
 c - 7 scrolls of identify
 f - 4 scrolls of remove curse
 j - a scroll of teleportation
 m - a scroll of enchant weapon


   Skills:
 - Level 3.0 Fighting
 - Level 2.4 Dodging
 - Level 1.5 Stealth
 + Level 4.1 Spellcasting
 - Level 5.2 Necromancy


You had 3 spell levels left.
You knew the following spells:

 Your Spells              Type           Power        Failure   Level
a - Pain                  Necr           72%          1%          1
b - Animate Skeleton      Necr           36%          1%          1
c - Vampiric Draining     Necr           9%           3%          3
d - Animate Dead          Necr           9%           11%         4

Your spell library contained the following spells:

 Spells                   Type           Power        Failure   Level
 Corona                   Hex            3%           9%          1
 Ensorcelled Hibernation  Hex/Ice        6%           14%         2
 Confusing Touch          Hex            3%           26%         3
 Dazzling Flash           Conj/Hex       6%           26%         3
 Tukima's Dance           Hex            3%           26%         3
 Agony                    Necr           18%          28%         5


Dungeon Overview and Level Annotations

Branches:
Dungeon (4/15)
 Temple: D:4-7

Altars:
Fedhas
Sif Muna

Annotations:
D:2 1 runed translucent door, Crazy Yiuf
D:3 Grinder
D:4 Edmund, Menkaure


Innate Abilities, Weirdness & Mutations

You do not drink.
Your flesh is vulnerable to fire.
You are immune to poison.
Your flesh is cold resistant. (rC+)
You are immune to negative energy. (rN+++)
You are immune to unholy pain and torment.
You can survive without breathing.


Message History

The dead are slithering!
Menkaure barely misses you.
Menkaure draws the symbol "Udjat" in the dust.
Your adder skeleton bites Menkaure.
There is an open door, spattered with blood here.
Your adder skeleton bites Menkaure.
Menkaure barely misses you.
Casting: Animate Skeleton (safe; 1% risk of failure)
Confirm with . or Enter, or press ? or * to list all spells.
You attempt to give life to the dead...
Before your eyes, flesh is ripped from the corpse!
The dead are walking!
Your adder skeleton closely misses Menkaure.
Menkaure hits you!!
* * * LOW HITPOINT WARNING * * *
Your adder skeleton closely misses Menkaure.
Menkaure breathes soot at you. Menkaure hits your hound skeleton!
Your hound skeleton is destroyed!
Menkaure hits you!
You die...

####### ......# ########
......# #......# ......#
#.####.##### ......# #.#
#.....#
......###.########.#
......'.......ZM@>.#
......###....####..###
####### ####.........#
####.........#
#............############
#.###........'...........
#.# #........############
##'###..............#
#....†..............#


You could see Menkaure (fast) and a friendly adder skeleton.

Vanquished Creatures
  2 hounds (D:4)
  A jelly (D:3)
  Ijyb (D:3)
  Robin (D:2)
  3 adders
  An adder skeleton (D:3)
  2 worms (D:3)
  3 dart slugs
  A leopard gecko (D:3)
  An orc (D:3)
  4 bats
  3 giant cockroaches
  13 goblins
  9 hobgoblins
  2 jackals (D:1)
  A quokka (D:2)
  A ball python (D:1)
  3 frilled lizards
  2 kobolds (D:3)
  9 rats
63 creatures vanquished.

Vanquished Creatures (collateral kills)
  A centaur skeleton (D:4)
  A quokka (D:4)
2 creatures vanquished.

Vanquished Creatures (others)
  9 fungi (D:3)
  4 plants (D:3)
13 creatures vanquished.

Grand Total: 78 creatures vanquished

Notes
Turn   | Place    | Note
-------+----------+-------------------------------------------
     0 | D:1      | hatsuma the Mummy Necromancer began the quest for the Orb.
     0 | D:1      | Reached XP level 1. HP: 13/13 MP: 4/4
   100 | D:1      | Reached skill level 1 in Fighting
   209 | D:1      | Reached XP level 2. HP: 20/21 MP: 1/5
   212 | D:1      | Learned a level 1 spell: Animate Skeleton
  1334 | D:2      | Reached XP level 3. HP: 27/27 MP: 1/7
  1338 | D:2      | Learned a level 3 spell: Vampiric Draining
  1591 | D:2      | Found a blossoming altar of Fedhas.
  1592 | D:2      | Found a shimmering blue altar of Sif Muna.
  1647 | D:2      | Found a runed translucent door.
  1648 | D:2      | Noticed Crazy Yiuf
  1865 | D:2      | Noticed Robin
  2191 | D:2      | Killed Robin
  2603 | D:3      | Found a blossoming altar of Fedhas.
  2863 | D:3      | Noticed Ijyb
  2957 | D:3      | Reached XP level 4. HP: 34/34 MP: 8/8
  3167 | D:3      | Noticed Grinder
  3211 | D:3      | Learned a level 4 spell: Animate Dead
  3456 | D:3      | Killed Ijyb
  3457 | D:3      | Reached XP level 5. HP: 41/41 MP: 0/10
  3836 | D:4      | Noticed Menkaure
  4085 | D:4      | Noticed Edmund
  4246 | D:4      | Reached skill level 5 in Necromancy
  4378 | D:4      | Mangled by Menkaure

Illustrated notes

Levels and vault maps discovered:
D:1:      evilmike_arrival_home_sweet_home, layout_basic, st_stairs_7
D:2:      layout_loops_corners, gammafunk_temple_overflow_pools,
          uniq_crazy_yiuf_cottage, uniq_robin
D:3:      layout_loops_ring, minmay_misc_feat_tower, fedhas_altar_3, uniq_ijyb,
          uniq_grinder
D:4:      layout_basic, minmay_temple_entry_nine_rooms, uniq_pikel, uniq_edmund,
          uniq_menkaure

Skill      XL: |  1  2  3  4  5 |
---------------+----------------+-----
Fighting       | 1 2 3 |  3.0
Dodging        | 2 |  2.4
Spellcasting   | 3 4 |  4.1
Necromancy     | 5 |  5.2
Stealth        | |  1.5

Action                   |  1- 3 |  4- 6 || total
-------------------------+-------+-------++-------
Melee: Unarmed           |     2 |       ||     2
       Dagger            |    65 |    77 ||   142
Throw: Stone             |     2 |       ||     2
 Cast: Pain              |   100 |    51 ||   151
       Animate Skeleton  |     3 |     4 ||     7
  Use: Scroll            |     1 |     4 ||     5
 Stab: Sleeping          |       |     4 ||     4
Armor: Robe              |     1 |       ||     1
       Troll leather arm |    18 |    36 ||    54
Dodge: Dodged            |    40 |    59 ||    99

Table legend: (Time is in decaauts)
 A = Elapsed time spent in this place.
 B = Non-inter-level travel time spent in this place.
 C = Inter-level travel time spent in this place.
 D = Time resting spent in this place.
 E = Time spent auto-exploring this place.
 F = Levels seen in this place.
 G = Mean time per level.
                   A        B        C        D        E       F      G
               +--------+--------+--------+--------+--------+-----+--------+
         Total |   4379 |   4284 |     95 |    788 |   1505 |   4 | 1094.8 |
       Dungeon |   4379 |   4284 |     95 |    788 |   1505 |   4 | 1094.8 |
               +--------+--------+--------+--------+--------+-----+--------+

Top non-repeatable levels by time:
     D:2: 1535 daAuts
     D:3: 1259 daAuts
     D:1: 1122 daAuts
     D:4: 462 daAuts
